 Dungeon Crawl Stone Soup version 0.30-a0-613-gdd512c7efb (webtiles) character file.

Game seed: 13193808515537982619

263 bande the Covered (level 6, -3/39 HPs)
             Began as a Gargoyle Fighter on Jan 8, 2023.
             Slain by a gnoll
             ... wielding a +0 spear
              (4 damage)
             ... on level 4 of the Dungeon.
             The game lasted 00:06:07 (3144 turns).

bande the Covered (Gargoyle Fighter)                Turns: 3144, Time: 00:06:08

Health: -3/39      AC: 17    Str: 20    XL:     6   Next: 19%
Magic:  6/6        EV:  7    Int:  8    God:
Gold:   147        SH:  4    Dex: 11    Spells: 5/5 levels left

rFire   . . .      SeeInvis .    a - +0 war axe
rCold   . . .      Faith    .    c - +0 buckler
rNeg    + . .      Spirit   .    q - +0 chain mail
rPois   ∞          Reflect  .    m - +2 helmet
rElec   +          Harm     .    (no cloak)
rCorr   .          Rampage  .    (no gloves)
Will    .....                    (no boots) Stlth
                                 (no amulet)
HPRegen 0.26/turn                (no ring)
MPRegen 0.10/turn                (no ring)

@: no status effects
A: sickness immunity, AC +4, negative energy resistance 1, electricity
resistance, torment resistance 1, petrification resistance
a: no special abilities


You were on level 4 of the Dungeon.
You visited 1 branch of the dungeon, and saw 4 of its levels.
You also visited: Sewer.

You collected 147 gold pieces.

Inventory:

Hand Weapons
 a - a +0 war axe (weapon)
 n - a +0 morningstar
Armour
 c - a +0 buckler (worn)
 m - a +2 helmet (worn)
 q - a +0 chain mail (worn)
Scrolls
 e - 2 scrolls of amnesia {unknown}
 f - 2 scrolls of teleportation {unknown}
 g - a scroll of torment {unknown}
 i - a scroll of fear {unknown}
 j - a scroll of identify {unknown}
 k - a scroll of enchant armour {unknown}
 r - a scroll of enchant weapon {unknown}
 s - a scroll of immolation {unknown}
Potions
 b - 4 potions of flight
 d - a potion of might
 h - a potion of haste {unknown}
 l - 2 potions of lignification {unknown}
 o - a potion of mutation {unknown}
 p - 3 potions of curing
 t - 2 potions of invisibility {unknown}
 u - 2 potions of brilliance {unknown}


   Skills:
 + Level 4.4 Fighting
 + Level 4.1 Axes
 + Level 4.5 Armour
 - Level 0.2 Stealth
 + Level 3.8 Shields


You had 5 spell levels left.
You didn't know any spells.
Your spell library was empty.

Dungeon Overview and Level Annotations

Branches:
Dungeon (4/15)              Sewer (visited)
 Temple: D:4-7

Altars:
Kikubaaqudgha
The Shining One


Innate Abilities, Weirdness & Mutations

You are immune to sickness and miasma.
Your stone body is resilient. (AC +4)
You are immune to poison.
You resist negative energy. (rN+)
You are resistant to electric shocks. (rElec)
You are resistant to unholy torment.
You are immune to petrification.


Message History

You barely miss the orc.
The orc is almost dead.
The gnoll hits you but does no damage. You block the gnoll's attack.
The gnoll hits you but does no damage. You block the orc's attack.
The orc hits you but does no damage.
You hit the orc.
You kill the orc!
The gnoll hits you but does no damage.
The gnoll hits you from afar with a +0 spear.
* * * LOW HITPOINT WARNING * * *
The orc closely misses you. The gnoll barely misses you.
You block the gnoll's attack.
The gnoll hits you but does no damage. x2
The orc barely misses you.
Things that are here:
a +0 club; an orc corpse You barely miss the gnoll.
You closely miss the gnoll. You closely miss the orc.
The gnoll hits you but does no damage. The gnoll closely misses you.
The gnoll barely misses you. The orc hits you but does no damage.
You block the orc's attack. You block the gnoll's attack.
The gnoll hits you with a +0 halberd.
* * * LOW HITPOINT WARNING * * *
The gnoll hits you but does no damage.
You hit the gnoll.
The gnoll is moderately wounded.
You hit the gnoll. You slash the orc!
You kill the orc!
The gnoll hits you but does no damage. You block the gnoll's attack.
The gnoll hits you with a +0 spear.
* * * LOW HITPOINT WARNING * * *
You hit the gnoll.
The gnoll is heavily wounded.
You completely miss the gnoll. You block the gnoll's attack.
The gnoll barely misses you. The gnoll hits you but does no damage.
You barely miss the gnoll.
The gnoll is heavily wounded.
You barely miss the gnoll. The gnoll hits you but does no damage.
The gnoll hits you with a +0 halberd.
* * * LOW HITPOINT WARNING * * *
You block the gnoll's attack. The gnoll hits you with a +0 spear.
You die...

..)...##.#......##
......##.#......##
......##...†.....#
......#..........###
.........#.........#
.........#..#.....##
.....#.#..(.#..#.##
††..####.......#.##
.....#..........@)#
..........#....gg)g#
..............>.#...#
..†......#...... ..##
.###.###.#...... ...
†# )# ....... ...# .#
.. ...#... .#.. .# .#
#...... ..... ..#


You could see 3 gnolls.

Vanquished Creatures
  A kobold brigand (Sewer)
  Robin (D:2)
  2 adders
  A gnoll (D:4)
  4 river rats
  2 worms
  3 dart slugs
  7 orcs
  5 bats
  8 endoplasms
  A giant cockroach (D:4)
  16 goblins
  7 hobgoblins
  8 jackals
  8 kobolds
  2 quokkas
  9 ball pythons
  5 frilled lizards
  11 rats
101 creatures vanquished.

Vanquished Creatures (others)
  3 plants (D:1)
  A withered plant (D:3)
4 creatures vanquished.

Grand Total: 105 creatures vanquished

Notes
Turn   | Place    | Note
-------+----------+-------------------------------------------
     0 | D:1      | bande the Gargoyle Fighter began the quest for the Orb.
     0 | D:1      | Reached XP level 1. HP: 14/14 MP: 1/1
    12 | D:1      | Reached XP level 2. HP: 7/19 MP: 2/2
   247 | D:1      | Reached XP level 3. HP: 23/23 MP: 3/3
  1122 | D:2      | Noticed Robin
  1128 | D:2      | Reached XP level 4. HP: 15/29 MP: 4/4
  1141 | D:2      | Killed Robin
  1626 | D:2      | Identified the +6 dagger "Pixupe" {drain, *Noise Int+5}
  1746 | D:3      | Found a glowing drain.
  1756 | Sewer    | Entered a sewer
  1765 | Sewer    | Reached XP level 5. HP: 28/33 MP: 5/5
  1839 | Sewer    | Noticed a kobold brigand
  1864 | Sewer    | Killed a kobold brigand
  2015 | Sewer    | Found a glowing silver altar of Zin.
  2375 | D:3      | Found a glowing golden altar of the Shining One.
  2592 | D:3      | Found an ancient bone altar of Kikubaaqudgha.
  2647 | D:3      | Reached XP level 6. HP: 39/39 MP: 6/6
  3144 | D:4      | HP: 1/39 [gnoll/+0 halberd (5)]
  3144 | D:4      | Slain by a gnoll

Illustrated notes

Levels and vault maps discovered:
D:1:      eino_arrival_druids_welcome, layout_rooms
D:2:      layout_loops_corners, uniq_robin
D:3:      layout_loops_corners, nicolae_tso_swordbearing_angel,
          kiku_gazebo_garden_becter, portal_sewer_entry_b
D:4:      dreamdust_elfheim, layout_cave_pools, sigmund_army, uniq_sigmund

Skill      XL: |  1  2  3  4  5  6 |
---------------+-------------------+-----
Axes           | 2 3 4 |  4.1
Fighting       | 4 |  4.4
Armour         | 4 |  4.5
Stealth        | |  0.2
Shields        | |  3.8

Action                   |  1- 3 |  4- 6 || total
-------------------------+-------+-------++-------
Melee: War axe           |   102 |   153 ||   255
  Use: Scroll            |       |     1 ||     1
Armor: Scale mail        |    66 |       ||    66
       Chain mail        |    14 |   128 ||   142
Dodge: Dodged            |    43 |    82 ||   125
Block: Buckler           |    22 |    45 ||    67

Table legend: (Time is in decaauts)
 A = Elapsed time spent in this place.
 B = Non-inter-level travel time spent in this place.
 C = Inter-level travel time spent in this place.
 D = Time resting spent in this place.
 E = Time spent auto-exploring this place.
 F = Levels seen in this place.
 G = Mean time per level.
                   A        B        C        D        E       F      G
               +--------+--------+--------+--------+--------+-----+--------+
         Total |   3269 |   3240 |     29 |    431 |   2067 |   5 |  653.8 |
       Dungeon |   2929 |   2900 |     29 |    297 |   1929 |   4 |  732.2 |
         Sewer |    340 |    340 |      0 |    134 |    138 |   1 |  340.0 |
               +--------+--------+--------+--------+--------+-----+--------+

Top non-repeatable levels by time:
     D:2: 1231 daAuts
     D:3: 1076 daAuts
     D:1: 473 daAuts
   Sewer: 340 daAuts
     D:4: 147 daAuts
